 Seeded DCSS version 0.28-a0-834-g1a73be5ee4 (webtiles) character file.

Game seed: 19620306 (custom seed)

20 dracfodder the Chiller (level 2, 0/15 HPs)
             Began as a Gargoyle Ice Elementalist on Nov 12, 2021.
             Slain by an adder (1 damage)
             ... on level 1 of the Dungeon.
             The game lasted 00:04:39 (969 turns).

dracfodder the Chiller (Gargoyle Ice Elementalist)   Turns: 969, Time: 00:04:40

Health: 0/15       AC:  4    Str: 11    XL:     2   Next: 79%
Magic:  3/5        EV: 11    Int: 15    God:
Gold:   0          SH:  0    Dex: 10    Spells: 5/6 levels left

rFire   . . .      SeeInvis .   e - +0 club
rCold   . . .      Faith    .   (no shield)
rNeg    + . .      Spirit   .   a - +0 robe
rPois   ∞          Reflect  .   (no helmet)
rElec   +          Harm     .   (no cloak)
rCorr   .          Rampage  .   (no gloves)
Will    .....                   (no boots)
Stlth   ++........              (no amulet)
HPRegen 0.05/turn               (no ring)
MPRegen 0.09/turn               (no ring)

@: no status effects
A: sickness immunity, AC +2, negative energy resistance 1, electricity
resistance, torment resistance 1, petrification resistance
a: no special abilities


You were on level 1 of the Dungeon.
You visited 1 branch of the dungeon, and saw 2 of its levels.

Inventory:

Hand Weapons
 b - a +0 hunting sling
 e - a +0 club (weapon)
Missiles
 c - 22 arrows
 d - 24 stones
Armour
 a - a +0 robe (worn)


   Skills:
 + Level 1.5 Dodging
 + Level 2.2 Stealth
 * Level 2.6 Spellcasting
 + Level 4.3 Ice Magic


You had 5 spell levels left.
You knew the following spells:

 Your Spells              Type           Power      Damage    Failure   Level
a - Freeze                Ice            60%        1d8       3%          1

Your spell library contained the following spells:

 Spells                   Type           Power      Damage    Failure   Level
 Frozen Ramparts          Ice            30%        1d5       11%         3
 Ozocubu's Armour         Ice            15%        N/A       11%         3
 Hailstorm                Conj/Ice       8%         3d4       65%         4


Dungeon Overview and Level Annotations

Branches:
Dungeon (2/15)

Altars:


Innate Abilities, Weirdness & Mutations

You are immune to sickness and miasma.
Your stone body is resilient. (AC +2)
You are immune to poison.
You resist negative energy. (rN+)
You are resistant to electric shocks. (rElec)
You are resistant to unholy torment.
You are immune to petrification.


Message History

Magic restored.
HP restored.
You see here a +0 kite shield.
Found an escape hatch in the floor.
Found a ring mail.
Found a stone staircase leading down.
An endoplasm comes into view.
You fall into a shaft and drop 1 floor!
The shaft crumbles and collapses.
A rat and an orc come into view.
The orc barely misses you.
The kobold shouts!
The adder hisses angrily.
The quokka completely misses you. The adder misses you.
The quokka barely misses you.
The kobold throws a stone.
The stone closely misses you. The adder bites you. x2
The adder bites you.
There is a stone staircase leading up here.
The adder barely misses you. The adder bites you.
The adder bites you but does no damage.
You climb upwards.
There is a stone staircase leading down here.
Casting: Freeze (safe; 3% risk of failure)
Confirm with . or Enter, or press ? or * to list all spells.
Aiming: Freeze (safe; 3% risk of failure)
Press: ? - help, Shift-Dir - straight line, f - adder
Aim: an adder You freeze the adder.
The adder is heavily wounded.
The adder barely misses you. The adder bites you.
* * * LOW HITPOINT WARNING * * *
Casting: Freeze (safe; 3% risk of failure)
Confirm with . or Enter, or press ? or * to list all spells.
Aiming: Freeze (safe; 3% risk of failure)
Press: ? - help, Shift-Dir - straight line, f/p - adder
Aim: an adder (heavily wounded)
You freeze the adder.
The adder is heavily wounded.
The adder seems to slow down.
The adder misses you. The adder bites you.
You die...

#†# #.......#
#.######.#.#.#.#
#......#.#.....#.#
#######.####.#.........#
.........###.#####.#####
#####.....##.# #.#
##...###.# #.# ##.##
#S#####.# #.# #@S.....#
#.# ######### #†# #.#
#.# #### ##.###### ...#
#.......#
...#######..####.#####
#.......##...........#


You could see 2 adders.

Vanquished Creatures
  A dart slug (D:1)
  2 ball pythons (D:1)
  A bat (D:2)
  2 endoplasms (D:1)
  2 giant cockroaches (D:1)
  A goblin (D:1)
  4 jackals (D:1)
  2 rats (D:1)
15 creatures vanquished.

Notes
Turn   | Place    | Note
-------+----------+-------------------------------------------
     0 | D:1      | dracfodder the Gargoyle Ice Elementalist began the quest
                  | for the Orb.
     0 | D:1      | Reached XP level 1. HP: 10/10 MP: 3/3
   349 | D:1      | Reached XP level 2. HP: 11/15 MP: 3/5
   958 | D:1      | You fall into a shaft and drop 1 floor!
   969 | D:1      | Slain by an adder

Illustrated notes

Levels and vault maps discovered:
D:1:      lightli_arrival_statue_moat, layout_loops_corners, serial_glass,
          glass_columns_a, glass_columns_a
D:2:      cheibrodos_greedy_goblins, layout_loops_ring,
          hellmonk_ecumenical_altar_blasted, uniq_terence

Action                   || total
-------------------------++-------
Melee: Unarmed           ||    11
 Cast: Freeze            ||    27
Armor: Robe              ||    12
Dodge: Dodged            ||    24

Table legend: (Time is in decaauts)
 A = Elapsed time spent in this place.
 B = Non-inter-level travel time spent in this place.
 C = Inter-level travel time spent in this place.
 D = Time resting spent in this place.
 E = Time spent auto-exploring this place.
 F = Levels seen in this place.
 G = Mean time per level.
                   A        B        C        D        E       F      G
               +--------+--------+--------+--------+--------+-----+--------+
         Total |    970 |    970 |      0 |    396 |    330 |   2 |  485.0 |
       Dungeon |    970 |    970 |      0 |    396 |    330 |   2 |  485.0 |
               +--------+--------+--------+--------+--------+-----+--------+

Top non-repeatable levels by time:
     D:1: 956 daAuts
     D:2: 14 daAuts
